[Event "Titled Tuesday Blitz October 19 2021"]
[White "Pasti, Aron"]
[Black "Nogerbek, Kazybek"]
[WhiteFideId "785857"]
[BlackFideId "13710427"]
[WhiteElo "2080"]
[BlackElo "2436"]
[Result "0-1"]
[Round "01"]
[TimeControl "180+1"]
[Date "2021.10.19"]
[WhiteClock "0:00:46"]
[BlackClock "0:01:46"]

1. e4 c6 2. d4 d5 3. exd5 cxd5 4. c4 Nf6 5. Nc3 Nc6 6. Nf3 Bg4 7. cxd5 Nxd5 8. Be2 e6 9. O-O Be7 10. Nxd5 Qxd5 11. Be3 O-O 12. h3 Bh5 13. Qb3 Qxb3 14. axb3 Rfd8 15. g4 Bg6 16. Rac1 Be4 17. Rfd1 Bd5 18. Ne5 Rac8 19. Nxc6 Rxc6 20. Bc4 Bf3 21. Re1 Bb4 22. Bb5 Rb6 23. Bg5 Rf8 24. Re3 Rxb5 25. Rxf3 Rxg5 26. Rc4 Bd6 27. Rfc3 Rd5 28. Kf1 g5 29. Ke2 Kg7 30. Ke3 Bf4+ 31. Ke4 Rfd8 32. f3 h6 33. Rd3 f5+ 34. gxf5 exf5# 0-1


[Site "https://www.chess.com"]

[Event "Titled Tuesday Blitz October 19 2021"]
[White "Petukhov, Dmitry"]
[Black "Svidler, Peter"]
[WhiteFideId "4142748"]
[BlackFideId "4102142"]
[WhiteElo "2356"]
[BlackElo "2709"]
[Result "0-1"]
[Round "01"]
[TimeControl "180+1"]
[Date "2021.10.19"]
[WhiteClock "0:00:53"]
[BlackClock "0:01:57"]

1. e4 c5 2. c3 Nf6 3. e5 Nd5 4. d4 cxd4 5. Nf3 e6 6. cxd4 d6 7. Nc3 Nxc3 8. bxc3 Qc7 9. Bd2 Nd7 10. Bd3 dxe5 11. O-O Be7 12. Re1 exd4 13. cxd4 O-O 14. Qe2 Nf6 15. Rac1 Qd6 16. Ne5 Bd7 17. Nxd7 Qxd7 18. Bf4 Rfc8 19. Be5 Nd5 20. g3 Bf6 21. h4 Rxc1 22. Rxc1 Rc8 23. Rxc8+ Qxc8 24. h5 h6 25. Qe4 Kf8 26. Qh7 Ke7 27. Bxf6+ Kxf6 28. Be4 Qc1+ 29. Kg2 Qc4 30. Qg8 Qxd4 31. Qd8+ Ke5 0-1


[Site "https://www.chess.com"]

[Event "Titled Tuesday Blitz October 19 2021"]
[White "Praggnanandhaa R"]
[Black "Grunberg, Mihai-Lucian"]
[WhiteFideId "25059530"]
[BlackFideId "1204149"]
[WhiteElo "2599"]
[BlackElo "2364"]
[Result "1-0"]
[Round "01"]
[TimeControl "180+1"]
[Date "2021.10.19"]
[WhiteClock "0:00:55"]
[BlackClock "0:00:36"]

1. Nf3 Nf6 2. b3 g6 3. Bb2 Bg7 4. g3 O-O 5. Bg2 d5 6. c4 c5 7. cxd5 Nxd5 8. Bxg7 Kxg7 9. O-O Nc6 10. d4 cxd4 11. Nxd4 Nxd4 12. Qxd4+ Nf6 13. Qe5 Qb6 14. Nc3 Be6 15. Na4 Qb4 16. Qc5 Qxc5 17. Nxc5 Bd5 18. Nxb7 Rac8 19. Rac1 Bxg2 20. Kxg2 Ne4 21. e3 Nc3 22. Rc2 Rc7 23. Na5 Rfc8 24. Rfc1 f5 25. Kf1 Kf6 26. Ke1 e5 27. Nc4 Ne4 28. Rd1 Ke6 29. f3 Ng5 30. Kf2 Nf7 31. Rcd2 Rc6 32. h4 R8c7 33. e4 Ra6 34. exf5+ gxf5 35. Re1 Kf6 36. Rde2 Re6 37. g4 fxg4 38. fxg4 Rd7 39. Kg3 Rd3+ 40. Re3 Rxe3+ 41. Rxe3 Nd8 42. Kf3 Nc6 43. Ke4 Nd4 44. g5+ Kg6 45. Nxe5+ Kh5 46. Kxd4 1-0


[Site "https://www.chess.com"]

[Event "Titled Tuesday Blitz October 19 2021"]
[White "Rasulov, Vugar"]
[Black "Humburg, Philipp"]
[WhiteFideId "13402390"]
[BlackFideId "24656151"]
[WhiteElo "2560"]
[BlackElo "2128"]
[Result "1-0"]
[Round "01"]
[TimeControl "180+1"]
[Date "2021.10.19"]
[WhiteClock "0:01:45"]
[BlackClock "0:01:31"]

1. d4 Nf6 2. c4 c6 3. Nf3 d5 4. Qc2 dxc4 5. e4 Bg4 6. Bxc4 e6 7. Be3 Nbd7 8. Nbd2 Be7 9. h3 Bh5 10. O-O-O Qc7 11. Kb1 O-O-O 12. Rc1 Kb8 13. Qb3 Bg6 14. Bd3 Qa5 15. Ka1 Rc8 16. Nc4 Qd8 17. Rhe1 Ka8 18. Bf4 Re8 19. Bb1 Nb6 20. Nce5 Nfd7 21. Nd3 Bh5 22. Be3 Nf6 23. Nc5 Nbd7 24. Ne5 Nxe5 25. dxe5 Nd7 26. Qxb7# 1-0


[Site "https://www.chess.com"]

[Event "Titled Tuesday Blitz October 19 2021"]
[White "Rozhkov, Viacheslav"]
[Black "Siva Mahadevan"]
[WhiteFideId "4181484"]
[BlackFideId "25043153"]
[WhiteElo "2324"]
[BlackElo "2203"]
[Result "1-0"]
[Round "01"]
[TimeControl "180+1"]
[Date "2021.10.19"]
[WhiteClock "0:00:06"]
[BlackClock "0:00:04"]

1. e4 c5 2. Nf3 Nc6 3. d4 cxd4 4. Nxd4 Nf6 5. Nc3 d6 6. Bc4 Qb6 7. Nb3 e6 8. Be3 Qc7 9. Qe2 a6 10. O-O-O Be7 11. f3 b5 12. Bd3 Bb7 13. g4 Ne5 14. g5 Nfd7 15. f4 Nc4 16. Bxc4 bxc4 17. Nd2 Rc8 18. h4 Nc5 19. h5 Qd7 20. Bxc5 Rxc5 21. Nxc4 Qc7 22. Nd2 h6 23. Nb3 Rc4 24. Na5 Rxc3 25. Nxb7 Rc6 26. Nxd6+ Bxd6 27. e5 Be7 28. gxh6 Rxh6 29. Rdg1 Rh7 30. Qd3 Rh8 31. Rxg7 Bf8 32. Rgg1 Bh6 33. Kb1 Ke7 34. f5 Qxe5 35. Re1 Qd6 36. Qf3 Rhc8 37. fxe6 fxe6 38. Qe4 Rh8 39. Rhf1 Qc5 40. Qg6 Qg5 41. Rf7+ Kd8 42. Qe4 Qd5 43. Qh4+ Kc8 44. Qe7 Qb5 45. Qd7+ Kb8 46. a4 Qb6 47. a5 Qb5 48. Rd1 Rc5 49. Qa7+ Kc8 50. Qa8+ Qb8 51. Qxa6+ Qb7 52. Qxb7# 1-0


[Site "https://www.chess.com"]

[Event "Titled Tuesday Blitz October 19 2021"]
[White "Savchenko, Boris"]
[Black "Brunner, Nicolas"]
[WhiteFideId "4147332"]
[BlackFideId "620246"]
[WhiteElo "2526"]
[BlackElo "2372"]
[Result "1-0"]
[Round "01"]
[TimeControl "180+1"]
[Date "2021.10.19"]
[WhiteClock "0:01:19"]
[BlackClock "0:00:01"]

1. e4 e5 2. Nf3 Nc6 3. d4 exd4 4. Nxd4 Nf6 5. Nxc6 bxc6 6. e5 Qe7 7. Qe2 Nd5 8. c4 Nb6 9. Nc3 Ba6 10. Qe4 Qe6 11. c5 Bxf1 12. cxb6 Bc4 13. bxc7 d5 14. Qe3 Rc8 15. b3 Ba6 16. Na4 Rxc7 17. f3 Be7 18. Kf2 O-O 19. Re1 c5 20. Ba3 Rfc8 21. Qf4 Bb5 22. Rac1 c4 23. Bxe7 Qxe7 24. Nc3 Qc5+ 25. Kg3 Bc6 26. Ne2 Bb7 27. Nd4 c3 28. e6 f6 29. e7 Rxe7 30. Rxc3 Qb4 31. Rxc8+ Bxc8 32. Re2 Rxe2 33. Nxe2 Qxf4+ 34. Kxf4 Kf7 35. Ke3 Ke6 36. Kd4 Kd6 37. Nf4 Bb7 38. Nh5 a5 39. Nxg7 Bc8 40. Ne8+ Ke6 41. Nc7+ Kd6 42. Nxd5 f5 43. Ne3 f4 44. Nc4+ 1-0


[Site "https://www.chess.com"]

[Event "Titled Tuesday Blitz October 19 2021"]
[White "Svane, Frederik"]
[Black "Principe, Gerson"]
[WhiteFideId "12923044"]
[BlackFideId "3804550"]
[WhiteElo "2459"]
[BlackElo "2280"]
[Result "1-0"]
[Round "01"]
[TimeControl "180+1"]
[Date "2021.10.19"]
[WhiteClock "0:00:03"]
[BlackClock "0:00:33"]

1. e4 c5 2. Nf3 e6 3. d4 cxd4 4. Nxd4 Nf6 5. Nc3 Nc6 6. Be2 Bb4 7. O-O Bxc3 8. bxc3 Nxe4 9. Bd3 Nxd4 10. Bxe4 Nc6 11. Ba3 f5 12. Bxc6 bxc6 13. Qh5+ g6 14. Qe2 Qf6 15. Bd6 Rg8 16. Qc4 a5 17. Rfe1 Ba6 18. Qc5 Kf7 19. Rab1 Rgd8 20. Rb6 Bb5 21. h3 Ba6 22. a4 Qg5 23. Re3 Qh4 24. Bc7 Re8 25. Qxa5 Bd3 26. Qb4 Bxc2 27. Qxh4 h5 28. Be5 Rg8 29. Qf6+ Ke8 30. Bd6 1-0


[Site "https://www.chess.com"]

[Event "Titled Tuesday Blitz October 19 2021"]
[White "Svane, Rasmus"]
[Black "Wagner, Dinara"]
[WhiteFideId "4657101"]
[BlackFideId "24157570"]
[WhiteElo "2643"]
[BlackElo "2216"]
[Result "1-0"]
[Round "01"]
[TimeControl "180+1"]
[Date "2021.10.19"]
[WhiteClock "0:00:28"]
[BlackClock "0:00:02"]

1. Nf3 d5 2. g3 c6 3. Bg2 Nf6 4. O-O Bg4 5. h3 Bxf3 6. Bxf3 e5 7. d3 Bc5 8. e4 O-O 9. Nc3 dxe4 10. Nxe4 Nxe4 11. dxe4 Nd7 12. Kg2 Qe7 13. Qe2 Rad8 14. Bd2 Nb6 15. a4 Qe6 16. a5 Nc4 17. Bc3 Nd6 18. Rfd1 Nb5 19. Bg4 Qf6 20. Be1 Nd4 21. Qc4 b6 22. Rac1 Qe7 23. c3 b5 24. Qa2 Ne6 25. b4 Bd6 26. Rd3 c5 27. Bxe6 fxe6 28. Rcd1 c4 29. R3d2 Bc7 30. Qc2 Rxd2 31. Rxd2 Rd8 32. Qd1 Rxd2 33. Bxd2 Qd7 34. Qe2 a6 35. Be3 Qc6 36. Qg4 Kf7 37. h4 g6 38. h5 Bd8 39. Qf3+ Ke8 40. Qg4 Kf7 41. Bc5 Bf6 42. Qf3 Kg7 43. Be3 gxh5 44. Kg1 Kg6 45. g4 h4 46. Kg2 Qb7 47. Kh3 Qc6 48. Qg2 Qb7 49. g5 Bg7 50. Qg4 Qf7 51. Kxh4 Bf6 52. gxf6+ 1-0


[Site "https://www.chess.com"]

[Event "Titled Tuesday Blitz October 19 2021"]
[White "Tang, Andrew"]
[Black "Sawlin, Leonid"]
[WhiteFideId "2059630"]
[BlackFideId "4689542"]
[WhiteElo "2588"]
[BlackElo "2412"]
[Result "1-0"]
[Round "01"]
[TimeControl "180+1"]
[Date "2021.10.19"]
[WhiteClock "0:00:18"]
[BlackClock "0:00:57"]

1. Nh3 d5 2. g3 Nc6 3. Bg2 e5 4. O-O Nf6 5. c4 Be6 6. Ng5 h6 7. Nxe6 fxe6 8. Nc3 Be7 9. d3 Rb8 10. Qb3 Nd4 11. Qa4+ c6 12. e3 Nf5 13. Qxa7 O-O 14. Qa4 Qd7 15. Rd1 b5 16. Qc2 b4 17. Ne4 dxe4 18. dxe4 Nd4 19. exd4 exd4 20. e5 Ng4 21. Bf4 Bg5 22. Qe4 Bxf4 23. gxf4 h5 24. Rxd4 Qa7 25. h3 Nxf2 26. Kxf2 Rxf4+ 27. Qxf4 Rf8 28. Qxf8+ Kxf8 29. Ke3 Qc5 30. Rd1 Qxe5+ 31. Kf2 Kg8 32. Bxc6 Qf5+ 33. Kg2 Qg5+ 34. Kh1 Qf5 35. Bg2 Qc2 36. R1d2 Qb1+ 37. Kh2 Qe1 38. Bf3 h4 39. Bg4 Qg3+ 40. Kh1 Qe1+ 41. Kg2 e5 42. Rd8+ Kh7 43. Re2 Qg3+ 44. Kf1 Qf4+ 45. Ke1 Qc1+ 46. Rd1 Qxc4 47. Rxe5 Qf4 48. Re2 Qg3+ 49. Kd2 Qf4+ 50. Kc2 Qf7 51. Kb1 b3 52. axb3 Qxb3 53. Red2 Kh6 54. Rd6+ Kg5 55. R1d5+ Kf4 56. Rd4+ Kg5 57. R6d5+ Kh6 58. Rh5+ Kg6 59. Rd6+ Kf7 60. Rf5+ Ke7 61. Rd7+ Ke8 62. Re5+ Kf8 63. Bh5 g6 64. Bxg6 Qxb2+ 65. Kxb2 Kg8 66. Re8# 1-0


[Site "https://www.chess.com"]

[Event "Titled Tuesday Blitz October 19 2021"]
[White "Tomb, Maroun"]
[Black "Zubov, Alexander"]
[WhiteFideId "5300398"]
[BlackFideId "14109409"]
[WhiteElo "2491"]
[BlackElo "2685"]
[Result "0-1"]
[Round "01"]
[TimeControl "180+1"]
[Date "2021.10.19"]
[WhiteClock "0:00:05"]
[BlackClock "0:01:25"]

1. e4 c5 2. Ne2 e6 3. Nbc3 a6 4. d4 cxd4 5. Nxd4 b5 6. a3 Bb7 7. g3 Nc6 8. Bg2 Nxd4 9. Qxd4 Ne7 10. O-O Nc6 11. Qd1 d6 12. b3 Be7 13. Be3 O-O 14. Qd2 Qc7 15. Ne2 Rac8 16. Rfc1 Ne5 17. h3 Rfd8 18. f4 Nd7 19. c4 Qb8 20. cxb5 axb5 21. b4 Nf6 22. Qd3 e5 23. Nc3 Bc6 24. Nd5 Nxd5 25. exd5 Bd7 26. fxe5 dxe5 27. Bc5 Bg5 28. Rd1 f5 29. d6 e4 30. Qd5+ Kh8 31. g4 Rf8 32. gxf5 e3 33. Be4 Rce8 34. Qd3 Re5 35. Ra2 Rfe8 36. Bd5 Bxf5 37. Qd4 e2 38. Re1 Be3+ 39. Qxe3 Rxe3 40. Bxe3 Qxd6 41. Rexe2 0-1


[Site "https://www.chess.com"]

[Event "Titled Tuesday Blitz October 19 2021"]
[White "Tsydypov, Zhamsaran"]
[Black "Czerw, Dawid"]
[WhiteFideId "4108566"]
[BlackFideId "1145746"]
[WhiteElo "2649"]
[BlackElo "2075"]
[Result "1-0"]
[Round "01"]
[TimeControl "180+1"]
[Date "2021.10.19"]
[WhiteClock "0:01:45"]
[BlackClock "0:00:17"]

1. e4 c5 2. Nf3 g6 3. h4 h5 4. Bc4 Nc6 5. c3 e6 6. d4 cxd4 7. cxd4 d5 8. exd5 exd5 9. Bb5 Bg7 10. O-O Ne7 11. Bg5 O-O 12. Re1 Be6 13. Nc3 Qb6 14. Bxc6 Nxc6 15. Na4 Qc7 16. Rc1 Rfe8 17. Ne5 f6 18. Nxc6 bxc6 19. Be3 Rab8 20. Qc2 Bf5 21. Qxc6 Qxc6 22. Rxc6 Bd7 23. Ra6 Bxa4 24. Rxa4 Rxb2 25. Rxa7 f5 26. Rd1 Re4 27. g3 f4 28. gxf4 Bh6 29. Rc1 Rb8 30. Rc6 Bxf4 31. Rxg6+ Kh8 32. Bxf4 Rxf4 33. Rg5 Rxh4 34. Rxd5 Rg4+ 35. Kf1 h4 36. Rh5+ Kg8 37. d5 Rf4 38. d6 Rb2 39. Rg5+ Kf8 40. Ra8+ Kf7 41. d7 Rbxf2+ 42. Kg1 Rf1+ 43. Kh2 R4f2+ 44. Rg2 Rxg2+ 45. Kxg2 1-0


[Site "https://www.chess.com"]

[Event "Titled Tuesday Blitz October 19 2021"]
[White "Van der Werf, Mark"]
[Black "Salinas Herrera, Pablo"]
[WhiteFideId "1000470"]
[BlackFideId "3407128"]
[WhiteElo "2398"]
[BlackElo "2541"]
[Result "0-1"]
[Round "01"]
[TimeControl "180+1"]
[Date "2021.10.19"]
[WhiteClock "0:01:10"]
[BlackClock "0:00:21"]

1. c4 e5 2. g3 Nc6 3. Bg2 Bc5 4. Nc3 d6 5. e3 a6 6. Nge2 Ba7 7. O-O h5 8. h4 g5 9. hxg5 h4 10. gxh4 Rxh4 11. f4 exf4 12. Nxf4 Qxg5 13. Ncd5 Bg4 14. Qe1 O-O-O 15. Qg3 Nh6 16. d4 Nf5 17. Qf2 Rdh8 18. Bd2 Ncxd4 19. exd4 Nxd4 20. Be3 Be2 21. Qxe2 Rh1+ 22. Kf2 Qh4# 0-1


[Site "https://www.chess.com"]

[Event "Titled Tuesday Blitz October 19 2021"]
[White "Vovk, Orest"]
[Black "Sjugirov, Sanan"]
[WhiteFideId "14113490"]
[BlackFideId "4189302"]
[WhiteElo "2203"]
[BlackElo "2654"]
[Result "1-0"]
[Round "01"]
[TimeControl "180+1"]
[Date "2021.10.19"]
[WhiteClock "0:00:12"]
[BlackClock "0:00:02"]

1. h4 d5 2. h5 h6 3. e4 dxe4 4. Nc3 Nf6 5. Qe2 Nc6 6. Nxe4 Nd4 7. Nxf6+ gxf6 8. Qd1 e5 9. d3 Be6 10. c3 Nc6 11. Be3 f5 12. g3 Bd5 13. Rh4 Be7 14. Rh2 Qd6 15. Qa4 O-O-O 16. O-O-O a6 17. Bh3 Be6 18. d4 exd4 19. Ne2 Bg5 20. f4 Bf6 21. Nxd4 Nxd4 22. Bxd4 Bxd4 23. Rxd4 Qc5 24. Rhd2 Rxd4 25. Qxd4 Qxd4 26. Rxd4 Rg8 27. Rd3 Bxa2 28. Bxf5+ Kb8 29. g4 Bc4 30. Rg3 f6 31. Re3 Rd8 32. b4 b6 33. Kc2 a5 34. bxa5 bxa5 35. Bd3 Bxd3+ 36. Rxd3 Rg8 37. Rg3 Kb7 38. Kd3 Kc6 39. Ke4 a4 40. Kf5 a3 41. c4 Ra8 42. Rg1 Ra4 43. Kxf6 Rxc4 44. Kf5 Kd6 45. g5 hxg5 46. fxg5 Ke7 47. h6 Kf7 48. g6+ Kg8 49. Rb1 Rc5+ 50. Ke4 Rc4+ 51. Kd5 Rf4 52. Rb8+ Rf8 53. h7+ Kg7 54. Rxf8 1-0


[Site "https://www.chess.com"]

[Event "Titled Tuesday Blitz October 19 2021"]
[White "Wachinger, Guenther"]
[Black "Obolenskikh, Dmitry"]
[WhiteFideId "4604261"]
[BlackFideId "4156013"]
[WhiteElo "2212"]
[BlackElo "2541"]
[Result "0-1"]
[Round "01"]
[TimeControl "180+1"]
[Date "2021.10.19"]
[WhiteClock "0:00:06"]
[BlackClock "0:01:11"]

1. e4 e5 2. Nf3 Nc6 3. Nc3 Nf6 4. a3 d5 5. Bb5 Nxe4 6. Qe2 Qd6 7. Nxe4 dxe4 8. Qxe4 Bd7 9. d4 f5 10. Qe2 e4 11. Ne5 Nxe5 12. dxe5 Qxe5 13. Bxd7+ Kxd7 14. g3 Rd8 15. Bf4 Qa5+ 16. Bd2 Qa6 17. Qxa6 bxa6 18. Be3 Kc6 19. Bxa7 Bc5 20. Bxc5 Kxc5 21. Ke2 Rd4 22. Rhd1 Rhd8 23. Rxd4 Rxd4 24. Rd1 Rxd1 25. Kxd1 g5 26. Ke2 f4 27. gxf4 gxf4 28. Kd2 Kd5 29. Kc3 c5 30. Kd2 c4 31. Ke2 Kd4 32. Kd2 c3+ 33. bxc3+ Kc4 34. h4 h5 35. a4 a5 36. Kd1 Kxc3 37. Kc1 Kb4 38. Kd2 Kxa4 39. Kc3 Kb5 40. Kd4 e3 41. Kd3 exf2 42. Ke2 a4 43. Kxf2 a3 0-1


[Site "https://www.chess.com"]

[Event "Titled Tuesday Blitz October 19 2021"]
[White "Yilmaz, Mustafa"]
[Black "Sukandar, Irine Kharisma"]
[WhiteFideId "6302718"]
[BlackFideId "7101937"]
[WhiteElo "2518"]
[BlackElo "2313"]
[Result "1-0"]
[Round "01"]
[TimeControl "180+1"]
[Date "2021.10.19"]
[WhiteClock "0:00:20"]
[BlackClock "0:00:02"]

1. Nf3 Nf6 2. g3 g6 3. Bg2 Bg7 4. c4 O-O 5. O-O b6 6. Nc3 Bb7 7. Re1 d6 8. e4 Nbd7 9. d4 e5 10. d5 a5 11. Rb1 h6 12. a3 Nh5 13. b4 axb4 14. axb4 Qe8 15. Nh4 Ndf6 16. c5 bxc5 17. bxc5 Bc8 18. c6 Ng4 19. f3 Ngf6 20. Be3 g5 21. Nf5 Bxf5 22. exf5 Qc8 23. Rb7 Ra5 24. Qb3 Qxf5 25. g4 Nxg4 26. fxg4 Qxg4 27. Qb4 Nf4 28. Bxf4 exf4 29. Qxa5 f3 30. Rb2 Qd4+ 31. Rf2 Qxc3 32. Qxc3 Bxc3 33. Re3 Bd4 34. Rexf3 f5 35. Kf1 Bxf2 36. Kxf2 Kg7 37. Re3 Kf7 38. Re6 Ra8 39. Rxh6 Ra2+ 40. Kg1 Ra1+ 41. Bf1 Rd1 42. Rh7+ Kf6 43. Rxc7 Rxd5 44. Rd7 Ke5 45. c7 Rc5 46. Ba6 1-0


[Site "https://www.chess.com"]

[Event "Titled Tuesday Blitz October 19 2021"]
[White "Zierk, Steven"]
[Black "Stromboli, Ettore"]
[WhiteFideId "2034255"]
[BlackFideId "813761"]
[WhiteElo "2494"]
[BlackElo "2414"]
[Result "1-0"]
[Round "01"]
[TimeControl "180+1"]
[Date "2021.10.19"]
[WhiteClock "0:02:02"]
[BlackClock "0:02:04"]

1. b3 Nf6 2. Bb2 e6 3. Nf3 Be7 4. g4 b6 5. g5 Ne4 6. h4 f6 7. d3 Nd6 8. e4 Bb7 9. gxf6 gxf6 10. Ng5 h5 11. Be2 Kf8 12. Bxh5 Nf5 13. Nf7 1-0


[Site "https://www.chess.com"]

[Event "Titled Tuesday Blitz October 19 2021"]
[White "Al Hosani, Omran"]
[Black "Le, Tuan Minh"]
[WhiteFideId "9308733"]
[BlackFideId "12401153"]
[WhiteElo "2259"]
[BlackElo "2450"]
[Result "0-1"]
[Round "02"]
[TimeControl "180+1"]
[Date "2021.10.19"]
[WhiteClock "0:00:04"]
[BlackClock "0:00:24"]

1. d4 d5 2. c4 c6 3. Nc3 Nf6 4. cxd5 cxd5 5. Bf4 Nc6 6. e3 a6 7. Nf3 Bg4 8. Be2 Bxf3 9. Bxf3 e6 10. O-O Bd6 11. Bxd6 Qxd6 12. Rc1 O-O 13. a3 Rac8 14. Na4 Rc7 15. Nc5 Rfc8 16. Be2 Ne7 17. Qb3 b6 18. Nd3 Rc4 19. Rfd1 g6 20. Qa2 Rc2 21. Bf1 Nf5 22. h3 Ne4 23. Rxc2 Rxc2 24. Qb3 Qc7 25. Re1 h5 26. Qa4 a5 27. Re2 Rc6 28. Qb5 g5 29. b4 Nc3 30. Qa6 Nxe2+ 31. Bxe2 axb4 32. axb4 h4 33. Ne5 Rc1+ 34. Bf1 Kg7 35. Qb5 Nd6 36. Qe2 Ne4 37. Qg4 Rxf1+ 38. Kxf1 Qc1+ 39. Ke2 Qd2+ 40. Kf1 Qxf2# 0-1


[Site "https://www.chess.com"]

[Event "Titled Tuesday Blitz October 19 2021"]
[White "Aldokhin, Ivan"]
[Black "Moroni, Luca Jr"]
[WhiteFideId "24115720"]
[BlackFideId "865834"]
[WhiteElo "2231"]
[BlackElo "2491"]
[Result "1-0"]
[Round "02"]
[TimeControl "180+1"]
[Date "2021.10.19"]
[WhiteClock "0:00:06"]
[BlackClock "0:00:02"]

1. e4 e5 2. Nf3 Nc6 3. Bb5 a6 4. Ba4 Nf6 5. O-O b5 6. Bb3 Bc5 7. Nxe5 Nxe5 8. d4 Bxd4 9. Qxd4 d6 10. f4 Nc6 11. Qc3 Ne7 12. e5 Ne4 13. Qf3 Bb7 14. Nc3 Nxc3 15. Qxb7 Ne2+ 16. Kh1 O-O 17. f5 Nxc1 18. Raxc1 dxe5 19. f6 Ng6 20. Rcd1 Qc8 21. Qd5 c6 22. Qd6 Qg4 23. fxg7 Kxg7 24. Qf6+ Kh6 25. Rd3 e4 26. Rh3+ Qxh3 27. gxh3 Rad8 28. h4 c5 29. Bxf7 Rd7 30. Qg5+ Kg7 31. h5 Rdxf7 32. Rxf7+ Rxf7 33. hxg6 hxg6 34. Qe5+ Kh6 35. Qxe4 Rf5 36. Kg2 c4 37. Qe6 a5 38. Qb6 a4 39. a3 Kg5 40. Qe3+ Kf6 41. Kg3 Rg5+ 42. Kh4 Rf5 43. Qd4+ Ke6 44. Kg4 Kf7 45. Qb6 Re5 46. Qc7+ Kf6 47. Qd6+ Re6 48. Qd8+ Kf7 49. h4 Re4+ 50. Kf3 Re5 51. Qc7+ Kf6 52. Qd6+ Kf5 53. Qf8+ Ke6 54. Kg3 Rf5 55. Qg8+ Kf6 56. Kg4 Re5 57. Qf8+ Ke6 58. Qc8+ Kf6 59. Qc6+ Kf7 60. Kf4 Rf5+ 61. Ke4 Kg7 62. Kd4 Kh6 63. Kc3 Kh5 64. Kb4 Re5 65. Qf6 Rf5 66. Qh8+ Kg4 67. Qh6 Kf3 68. Qxg6 Ke4 69. h5 c3 70. bxc3 Ke5 71. h6 Rf4+ 72. Ka5 Rc4 73. Qg7+ Kd5 74. h7 Kc5 75. h8=Q b4 76. Qc7+ Kd5 77. Qh5+ Ke4 78. Qce5# 1-0


[Site "https://www.chess.com"]

[Event "Titled Tuesday Blitz October 19 2021"]
[White "Aloma Vidal, Robert"]
[Black "Indjic, Aleksandar"]
[WhiteFideId "2260409"]
[BlackFideId "911925"]
[WhiteElo "2435"]
[BlackElo "2643"]
[Result "0-1"]
[Round "02"]
[TimeControl "180+1"]
[Date "2021.10.19"]
[WhiteClock "0:00:12"]
[BlackClock "0:01:50"]

1. e4 e5 2. Nf3 Nc6 3. Bc4 Nf6 4. d4 exd4 5. e5 d5 6. Bb5 Nd7 7. O-O Nc5 8. Nxd4 Bd7 9. Bxc6 bxc6 10. f4 Ne4 11. Nd2 Nxd2 12. Bxd2 c5 13. Nf3 Be7 14. c4 d4 15. Be1 a5 16. a4 O-O 17. Nd2 f5 18. b3 Ra6 19. Nf3 Qa8 20. Bd2 Rg6 21. Qe2 Bc6 22. Rf2 Rb8 23. Rb1 Bxa4 24. Ra1 Bxb3 25. Rxa5 Qe4 26. Qf1 Qc2 27. h4 Bxc4 0-1


[Site "https://www.chess.com"]

[Event "Titled Tuesday Blitz October 19 2021"]
[White "Arencibia Monduy, Antonio"]
[Black "Zierk, Steven"]
[WhiteFideId "3507939"]
[BlackFideId "2034255"]
[WhiteElo "2533"]
[BlackElo "2494"]
[Result "0-1"]
[Round "02"]
[TimeControl "180+1"]
[Date "2021.10.19"]
[WhiteClock "0:00:26"]
[BlackClock "0:00:58"]

1. d4 d5 2. Nf3 Nf6 3. g3 c6 4. Bg2 Bg4 5. O-O e6 6. Ne5 Bf5 7. Nd2 Nbd7 8. Ndf3 Be7 9. Nxd7 Nxd7 10. Bf4 O-O 11. Ne5 c5 12. Nxd7 Qxd7 13. c3 cxd4 14. cxd4 Rac8 15. Qb3 Rc2 16. e4 Bxe4 17. Bxe4 Rc4 18. Bd3 Rxd4 19. Be3 Rb4 20. Qc2 Rc8 21. Qe2 Bf6 22. Rab1 e5 23. a3 Rg4 24. h3 Rg6 25. Bxg6 hxg6 26. Qg4 Qe8 27. Rbc1 Rd8 28. Bg5 d4 29. Bxf6 gxf6 30. Rfd1 e4 31. Qf4 Qe6 32. h4 Kg7 33. Re1 f5 34. Rcd1 Rd5 35. Rd2 Qb6 36. Kh2 a5 37. Red1 d3 38. Qe3 Qc7 39. f3 Qe7 40. Re1 Re5 41. Rxd3 f6 42. Rd4 exf3 43. Qd3 Re2+ 44. Kh3 Rxe1 45. Rd7 Rh1# 0-1


[Site "https://www.chess.com"]

[Event "Titled Tuesday Blitz October 19 2021"]
[White "Budrewicz, Krzysztof"]
[Black "Ibarra Jerez, Jose Carlos"]
[WhiteFideId "1127950"]
[BlackFideId "2226332"]
[WhiteElo "2242"]
[BlackElo "2626"]
[Result "0-1"]
[Round "02"]
[TimeControl "180+1"]
[Date "2021.10.19"]
[WhiteClock "0:00:56"]
[BlackClock "0:00:24"]

1. d4 Nf6 2. c4 d6 3. g3 g6 4. Bg2 Bg7 5. Nc3 O-O 6. e4 c5 7. d5 e6 8. Nge2 exd5 9. cxd5 Re8 10. O-O b5 11. f3 b4 12. Na4 Ba6 13. Re1 Nbd7 14. Be3 Ne5 15. Nf4 Qa5 16. b3 Bb5 17. Nb2 c4 18. bxc4 Nxc4 19. Nxc4 Bxc4 20. Bf1 Bxf1 21. Kxf1 Rac8 22. Re2 Qb5 23. Rb1 a5 24. Kf2 a4 25. Qd3 Rc4 26. Reb2 Rb8 27. Ne2 Nd7 28. Rc2 Ne5 29. Qd1 Rxc2 30. Qxc2 b3 31. axb3 axb3 32. Qc7 b2 33. Nd4 Qb7 34. Qxd6 Nc4 35. Nc6 Nxd6 0-1


[Site "https://www.chess.com"]

[Event "Titled Tuesday Blitz October 19 2021"]
[White "Durarbayli, Vasif"]
[Black "Aggelis, Nikolaos"]
[WhiteFideId "13402935"]
[BlackFideId "4213220"]
[WhiteElo "2522"]
[BlackElo "2154"]
[Result "1-0"]
[Round "02"]
[TimeControl "180+1"]
[Date "2021.10.19"]
[WhiteClock "0:00:12"]
[BlackClock "0:00:03"]

1. e4 e5 2. Nc3 Nf6 3. d4 exd4 4. Qxd4 Nc6 5. Qd3 h6 6. Bd2 Bc5 7. f4 d6 8. O-O-O Bg4 9. Be2 Bxe2 10. Ngxe2 Qe7 11. Ng3 O-O-O 12. Nf5 Qf8 13. Nd5 Nxd5 14. exd5 Ne7 15. Rhe1 Nxf5 16. Qxf5+ Kb8 17. Bc3 Rg8 18. Re2 g5 19. Rde1 gxf4 20. Bf6 Be3+ 21. Kb1 Re8 22. a4 h5 23. Qxh5 Rg6 24. Bd4 Rd8 25. Bxe3 fxe3 26. g3 Qh6 27. Qxh6 Rxh6 28. h4 Rh5 29. c4 f5 30. Rxe3 f4 31. Re8 Kc8 32. Rxd8+ Kxd8 33. gxf4 Rxh4 34. Re4 a5 35. Kc2 Kd7 36. Kc3 Rh3+ 37. Kd4 Rh2 38. b3 Rh3 39. Re3 Rh4 40. Ke4 Ke7 41. Rg3 Kf7 42. Kf5 Rh5+ 43. Ke4 Rh1 44. Re3 Rh5 45. Rc3 b6 46. Rg3 Rh1 47. Kf3 Rf1+ 48. Kg4 Rh1 49. Rh3 Re1 50. Kf5 Kg7 51. Rg3+ Kf7 52. Rh3 Kg7 53. Rg3+ Kf7 54. Rg6 Rf1 55. Rh6 Rf3 56. Re6 Rxb3 57. Rh6 Kg7 58. Rg6+ Kf7 59. Rf6+ Ke7 60. Rh6 Rc3 61. Rh7+ Kd8 62. Ke6 Rxc4 63. Rh8# 1-0


[Site "https://www.chess.com"]

[Event "Titled Tuesday Blitz October 19 2021"]
[White "Garcia Ramos, Daniel"]
[Black "Bluebaum, Matthias"]
[WhiteFideId "32010311"]
[BlackFideId "24651516"]
[WhiteElo "2267"]
[BlackElo "2681"]
[Result "0-1"]
[Round "02"]
[TimeControl "180+1"]
[Date "2021.10.19"]
[WhiteClock "0:00:01"]
[BlackClock "0:01:10"]

1. e4 e6 2. d4 d5 3. Bd3 dxe4 4. Bxe4 Nf6 5. Bf3 c5 6. Ne2 Be7 7. O-O O-O 8. Be3 Qc7 9. Nbc3 Rd8 10. Qc1 Nc6 11. Rd1 cxd4 12. Nxd4 Ne5 13. Be2 a6 14. h3 Bd7 15. Bf4 Bd6 16. Bg5 Ng6 17. Qe3 Bh2+ 18. Kh1 Be5 19. Bf3 h6 20. Bxf6 Bxf6 21. Rd3 Bg5 22. Qe4 Ne5 23. Qxb7 Qxb7 24. Bxb7 Rab8 25. Bxa6 Nxd3 26. Bxd3 Rxb2 27. a4 Bf6 28. Nde2 Rc8 29. Ne4 Rb4 30. Nxf6+ gxf6 31. a5 Ra4 32. Rxa4 Bxa4 33. a6 Bxc2 34. Bb5 Be4 35. Nd4 e5 36. Nb3 Rb8 37. Bc4 Rb4 38. Na5 Ra4 39. a7 Rxa5 0-1


[Site "https://www.chess.com"]